 Dungeon Crawl Stone Soup version 0.31.0-11-ge490571c62 (webtiles) character file.

Game seed: 902547669589013653

980 mainiacjoe the Cutter (level 8, -1/52 HPs)
             Began as a Merfolk Conjurer on Jan 27, 2024.
             Was a Follower of Uskayaw.
             Slain by a sky beast (5 damage)
             ... on level 6 of the Dungeon.
             The game lasted 00:23:25 (6235 turns).

mainiacjoe the Cutter (Merfolk Conjurer)            Turns: 6235, Time: 00:23:25

Health: -1/52      AC:  4    Str:  8    XL:     8   Next: 17%
Magic:  11/11      EV: 13    Int: 19    God:    Uskayaw [*.....]
Gold:   169        SH:  0    Dex: 12    Spells: 4/11 levels left

rFire   . . .        k - +2 short sword (freeze)
rCold   + . .        (no shield)
rNeg    . . .        g - +1 robe
rPois   .            E - +0 helmet
rElec   .            (no cloak)
rCorr   .            (no gloves)
SInv    .            (no boots)
Will    +....        (no amulet)
Stlth   +            l - ring of willpower
HPRegen 0.28/turn    s - ring of protection from cold
MPRegen 0.12/turn

%: no passive effects
@: confused, ambrosia-drunk
A: (nimble swimmer 2), mertail
a: Renounce Religion, Stomp


You were on level 6 of the Dungeon.
You worshipped Uskayaw.
Uskayaw was noncommittal.
You visited 2 branches of the dungeon, and saw 7 of its levels.

You collected 350 gold pieces.
You spent 181 gold pieces at shops.

Inventory:

Hand Weapons
 a - a +1 dagger of electrocution
 b - a +0 sling
 d - a +0 spear
 f - a +4 dire flail
 h - a +0 short sword
 k - a +2 short sword of freezing (weapon)
 o - a +0 scythe
 r - a +0 rapier
Missiles
 c - 2 throwing nets {=F}
 m - 40 stones
 w - 5 poisoned darts
 z - 4 javelins
 A - 3 boomerangs
Armour
 g - a +1 robe (worn)
 E - a +0 helmet (worn)
Jewellery
 l - a ring of willpower (left hand)
 s - a ring of protection from cold (right hand)
Wands
 y - a wand of paralysis (9)
 D - a wand of polymorph (10)
Scrolls
 n - 2 scrolls of fog
 u - a scroll of blinking
 x - a scroll of fear
 C - a scroll of teleportation
Potions
 e - 2 potions of haste
 i - a potion of mutation
 j - a potion of curing
 q - 3 potions of might
 t - a potion of attraction
 v - a potion of brilliance
 B - a potion of resistance {unknown}


   Skills:
 + Level 5.3 Short Blades
 - Level 5.0 Dodging
 - Level 5.0 Stealth
 - Level 2.0 Spellcasting
 - Level 5.0 Conjurations
 + Level 4.2 Invocations


You had 4 spell levels left.
You knew the following spells:

 Your Spells              Type           Power      Damage    Failure   Level
a - Magic Dart            Conj           80%        1d7       2%          1
b - Searing Ray           Conj           40%        2d5       3%          2
c - Iskenderun's Mystic   Conj/Tloc      11%        2d4       52%         4

Your spell library contained the following spells:

 Spells                   Type           Power      Damage    Failure   Level
 Shock                    Conj/Air       44%        1d5       6%          1
 Ensorcelled Hibernation  Hex/Ice        2%         N/A       26%         2
 Passwall                 Erth           1%         N/A       45%         3
 Swiftness                Air            1%         N/A       45%         3
 Fulminant Prism          Conj/Alch      5%         3d7       52%         4
 Airstrike                Air            0%         2d(1-17)  86%         4


Dungeon Overview and Level Annotations

Branches:
Dungeon (6/15)             Temple (1/1) D:4

Altars:
Ashenzari
Cheibriados
Elyvilon
Fedhas
Gozag
Hepliaklqana
Kikubaaqudgha
Makhleb
Okawaru
Qazlal
Ru
Sif Muna
Trog
Uskayaw
Vehumet
Wu Jian
Xom
Zin
The Shining One

Shops:
D:2 !   D:5 *

Annotations:
D:2 1 runed translucent door, Crazy Yiuf, Robin


Innate Abilities, Weirdness & Mutations

((You are very nimble when in or above water. (Stealth+, EV+, Speed+++)))
Your lower body shifts to a powerful aquatic tail in water.


Message History

The sky beast closely misses you.
You hit the sky beast but do no damage.
The sky beast is moderately wounded.
The sky beast hits you. The sky beast shocks you.
You hit the sky beast. You freeze the sky beast.
The sky beast is heavily wounded.
You completely miss the sky beast.
The sky beast is heavily wounded.
The sky beast flickers out of sight!
Deactivating autopickup; reactivate with Ctrl-A.
Something hits you. Something shocks you.
You hit something. You freeze something. Something hits you but does no damage.
You miss something. You hit something. You freeze something.
Something hits you but does no damage.
You can now pass through a line of other dancers.
You miss something. Something hits you.
* * * LOW HITPOINT WARNING * * *
Something shocks you.
* * * LOW HITPOINT WARNING * * *
You completely miss something. Something hits you.
* * * LOW HITPOINT WARNING * * *
Something shocks you.
* * * LOW HITPOINT WARNING * * *
You feel better. Something hits you.
* * * LOW HITPOINT WARNING * * *
Something shocks you.
* * * LOW HITPOINT WARNING * * *
You closely miss something. Something completely misses you.
You can no longer pass through a line of other dancers.
You miss something.
You are confused.
You feel invigorated. Something barely misses you.
You bump into the rock wall.
Something hits you.
* * * LOW HITPOINT WARNING * * *
Something shocks you.
* * * LOW HITPOINT WARNING * * *
You bump into the rock wall.
Something hits you.
* * * LOW HITPOINT WARNING * * *
Something shocks you.
You die...

.#####.# #..... .#
#.... .# ... .# #
#.# .#####.# #.#
.......# #>#
....#### #.# ...##
#{# ..>.# #@#
.##.# #.## .##.#
#..# ....# ##.#
##..# #.# ##..#
#.# ....# #.#
##.##### ##### #.#
#.###.###...####.#


There were no monsters in sight!

Vanquished Creatures
  Sigmund (D:2)
  3 ogres
  3 wights (D:6)
  A hound (D:5)
  A jelly (D:5)
  An orc priest (D:5)
  3 iguanas (D:5)
  2 orc wizards (D:5)
  3 adders
  The ghost of DaftaChap the Sneak, a weakling FoDe (D:5)
  6 dart slugs
  7 ribbon worms
  19 orcs
  6 endoplasms
  2 giant cockroaches
  15 goblins
  13 hobgoblins
  6 jackals
  4 quokkas
  6 ball pythons
  8 bats
  2 frilled lizards
  10 kobolds
  2 rats
125 creatures vanquished.

Notes
Turn   | Place    | Note
-------+----------+-------------------------------------------
     0 | D:1      | mainiacjoe the Merfolk Conjurer began the quest for the
                  | Orb.
     0 | D:1      | Reached XP level 1. HP: 13/13 MP: 3/3
   235 | D:1      | Reached XP level 2. HP: 19/19 MP: 1/5
   238 | D:1      | Learned a level 2 spell: Searing Ray
   926 | D:2      | Noticed Sigmund
   932 | D:2      | Killed Sigmund
   933 | D:2      | Reached XP level 3. HP: 19/24 MP: 3/6
   933 | D:2      | Reached XP level 4. HP: 23/30 MP: 3/7
   933 | D:2      | Reached XP level 5. HP: 27/35 MP: 3/8
  1092 | D:2      | Found a radiant altar of Vehumet.
  1213 | D:2      | Found Coshra's Distillery.
  1222 | D:2      | Bought a potion of curing for 33 gold pieces
  1222 | D:2      | Bought a potion of degeneration for 11 gold pieces
  1305 | D:2      | Found a runed translucent door.
  1306 | D:2      | Noticed Crazy Yiuf
  1636 | D:2      | Reached XP level 6. HP: 41/41 MP: 0/9
  2033 | D:2      | Noticed Robin
  2422 | D:3      | Reached skill level 1 in Short Blades
  3260 | D:3      | Found a glowing silver altar of Zin.
  3264 | D:3      | Found a shimmering blue altar of Sif Muna.
  3543 | D:2      | Bought a potion of ambrosia for 88 gold pieces
  3543 | D:2      | Bought a potion of attraction for 33 gold pieces
  3896 | D:4      | Found a staircase to the Ecumenical Temple.
  3917 | D:4      | Reached skill level 5 in Dodging
  3917 | D:4      | Reached skill level 5 in Conjurations
  4024 | Temple   | Entered the Ecumenical Temple
  4146 | Temple   | Became a worshipper of Uskayaw the Reveller
  4260 | D:4      | Reached * piety under Uskayaw
  4697 | D:5      | Entered Level 5 of the Dungeon
  4698 | D:5      | Found a shimmering altar of Xom.
  4761 | D:5      | Found Unwuegg's CLEARANCE SALE!.
  4809 | D:5      | Bought a scroll of fog for 16 gold pieces
  4855 | D:5      | Reached ** piety under Uskayaw
  4864 | D:5      | Reached XP level 7. HP: 19/46 MP: 1/10
  4929 | D:5      | Reached skill level 1 in Invocations
  5065 | D:5      | Reached *** piety under Uskayaw
  5066 | D:5      | Reached skill level 5 in Stealth
  5477 | D:5      | Learned a level 4 spell: Iskenderun's Mystic Blast
  5642 | D:5      | Found a radiant altar of Vehumet.
  5764 | D:5      | Found a transporter.
  5774 | D:5      | Found a transporter.
  5775 | D:5      | Noticed DaftaChap's ghost (weakling FoDe)
  5817 | D:5      | Killed DaftaChap's ghost
  5939 | D:6      | Reached XP level 8. HP: 52/52 MP: 5/11
  5941 | D:6      | Reached skill level 5 in Short Blades
  5949 | D:6      | Reached **** piety under Uskayaw
  6229 | D:6      | HP: 2/52 [something (5)]
  6235 | D:6      | Slain by a sky beast

Illustrated notes

Levels and vault maps discovered:
D:1:      psy_arrival_basics, layout_rooms
D:2:      layout_basic, serial_shops, shop, basic_altar,
          chequers_serial_rivers_room_b, uniq_sigmund, uniq_robin,
          uniq_crazy_yiuf_cottage
D:3:      cheibrodos_greedy_goblins, layout_loops_ring, jmf_multi_god_temple2
D:4:      layout_loops_ring, minmay_temple_entry_grid
D:5:      layout_cave_pools, xom_teletrap_fun, vehumet_crystals,
          gammafunk_ghost_smash, abandoned_shop, nicolae_shop_clearance
D:6:      layout_loops_cross, nicolae_twisty_statue_hallways
Temple:   hellmonk_temple_of_storms

Skill      XL: |  1  2  3  4  5  6  7  8 |
---------------+-------------------------+-----
Dodging        | 4 5 |  5.0
Stealth        | 3 4 5 |  5.0
Conjurations   | 4 5 |  5.0
Short Blades   | 2 4 5 |  5.3
Invocations    | 3 4 |  4.2
Spellcasting   | |  2.0

Action                     |  1- 3 |  4- 6 |  7- 9 || total
---------------------------+-------+-------+-------++-------
  Melee: Unarmed           |    10 |       |       ||    10
         Short sword       |     5 |       |    11 ||    16
         Halberd           |       |     4 |       ||     4
         Dagger            |       |    12 |    37 ||    49
         Punch             |       |       |     1 ||     1
   Fire: Sling             |       |    46 |     8 ||    54
   Cast: Magic Dart        |    31 |    36 |    12 ||    79
         Searing Ray       |     7 |    41 |    14 ||    62
 Invoke: Stomp             |       |       |     1 ||     1
    Use: Potion            |     1 |       |     3 ||     4
         Scroll            |       |    10 |     4 ||    14
   Stab: Paralysed         |       |       |     1 ||     1
 Armour: Robe              |     9 |    34 |    45 ||    88
  Dodge: Dodged            |    20 |    52 |    27 ||    99
